 Dungeon Crawl Stone Soup version 0.19-a0-1626-g5215c36 (webtiles) character file.

765 wazuzu the Conjurer (level 7, -1/50 HPs)
             Began as a Pale Draconian Conjurer on Sept 18, 2016.
             Was an Initiate of Dithmenos.
             Slain by Pikel
             ... wielding a +0 whip of electrocution
              (9 damage)
             ... on level 6 of the Dungeon.
             The game lasted 00:21:51 (6163 turns).

wazuzu the Conjurer (Pale Draconian Conjurer)       Turns: 6163, Time: 00:21:52

Health: -1/50      AC:  8    Str: 10    XL:     7   Next: 51%
Magic:  6/14       EV: 12    Int: 17    God:    Dithmenos [......]
Gold:   164        SH:  0    Dex: 12    Spells: 3 memorised, 8 levels left

rFire  . . .     SeeInvis .     x - +0 lajatang
rCold  + . .     Gourm    .     (armour unavailable)
rNeg   . . .     Faith    .     (shield currently unavailable)
rPois  .         Spirit   .     (helmet restricted)
rElec  .         Dismiss  .     f - +0 cloak
rCorr  .         Reflect  .     z - +0 pair of gloves (curse)
MR     .....     Harm     .     (no boots)
Stlth  ++........               (no amulet)
                                (no ring)
                                t - ring of protection from cold

@: no status effects
A: breathe steam, unfitting armour, cold-blooded, AC +6
a: Breathe Steam, Renounce Religion


You were on level 6 of the Dungeon.
You worshipped Dithmenos.
Dithmenos was noncommittal.
You were not hungry.

You visited 2 branches of the dungeon, and saw 7 of its levels.

You collected 262 gold pieces.
You spent 98 gold pieces at shops.

Inventory:

Hand Weapons
 x - a +0 lajatang (weapon)
Armour
 f - a +0 cloak (worn)
 z - a cursed +0 pair of gloves (worn)
Jewellery
 t - a ring of protection from cold (left hand)
Wands
 q - a wand of polymorph (11/24)
 v - a wand of paralysis (2/24)
Scrolls
 c - 3 scrolls of magic mapping
 h - a scroll of blinking
 i - a scroll of fear
 k - 3 scrolls of identify
 m - 3 scrolls of teleportation
 y - a scroll of enchant armour {unknown}
Potions
 d - a potion of cure mutation {unknown}
 e - 2 potions of invisibility
 g - a potion of cancellation {unknown}
 l - a potion of ambrosia {unknown}
 n - 2 potions of heal wounds {unknown}
 u - a potion of might {unknown}
 w - a potion of lignification {unknown}
Books
 a - a book of Conjurations

   Spells                             Type                      Level
   a - Magic Dart                     Conjuration                  1
   b - Searing Ray                    Conjuration                  2
   c - Dazzling Spray                 Conjuration/Hexes            3
   d - Fulminant Prism                Conjuration/Hexes            4
   e - Iskenderun's Mystic Blast      Conjuration                  4
   f - Iskenderun's Battlesphere      Conjuration/Charms           5
 A - a book of Frost

   Spells                             Type                      Level
   a - Freeze                         Ice                          1
   b - Throw Frost                    Conjuration/Ice              2
   c - Ozocubu's Armour               Charms/Ice                   3
   d - Throw Icicle                   Conjuration/Ice              4
   e - Summon Ice Beast               Ice/Summoning                4
Comestibles
 b - 3 bread rations
 o - 2 fruits
 p - a meat ration
 r - a beef jerky
 s - a slice of pizza


   Skills:
 + Level 3.9 Staves
 - Level 1.7 Dodging
 - Level 1.7 Stealth
 - Level 5.0 Spellcasting
 - Level 6.6 Conjurations


You had 8 spell levels left.
You knew the following spells:

 Your Spells              Type           Power        Failure   Level  Hunger
a - Magic Dart            Conj           ####         1%          1    None
b - Iskenderun's Battles  Conj/Chrm      ###.....     89%         5    ######.
x - Searing Ray           Conj           ####..       1%          2    #......


Dungeon Overview and Level Annotations

Branches:
Dungeon (6/15)             Temple (1/1) D:4

Altars:
Ashenzari
Cheibriados
Dithmenos
Elyvilon
Fedhas
Gozag
Hepliaklqana
Kikubaaqudgha
Makhleb
Nemelex Xobeh
Ru
Trog
Uskayaw
Vehumet
Yredelemnul
Zin
The Shining One

Shops:
D:4 [=}[

Annotations:
D:6 Pikel


Innate Abilities, Weirdness & Mutations

You can breathe blasts of scalding, opaque steam.
Your pale cyan-grey scales are hard. (AC +6)
Your body does not fit into most forms of armour.
You are cold-blooded and may be slowed by cold attacks.


Message History

Casting: Magic Dart
Confirm with . or Enter, or press ? or * to list all spells.
Aiming: Magic Dart
Press: ? - help, Shift-Dir - straight line, f/p - scorpion
Aim: a scorpion (severely wounded)
The magic dart hits Pikel.
Pikel is severely wounded.
Pikel hits you with a whip of electrocution.
* * * LOW HITPOINT WARNING * * *
Casting: Magic Dart
Confirm with . or Enter, or press ? or * to list all spells.
Aiming: Magic Dart
Press: ? - help, Shift-Dir - straight line, f/p - scorpion
Aim: a scorpion (severely wounded)
The magic dart hits Pikel.
Pikel is almost dead.
Pikel hits you with a whip of electrocution.
* * * LOW HITPOINT WARNING * * *
You are electrocuted!
You die...

#.########
#.........
#.......p.
##........
#...######
##.........
###p.........
####Ksp.........
#..@###..######.
##### #..# #..#
#).# #..# ##(.#
##...##
##.....###
#####..........


You could see Pikel, 2 slaves and a scorpion.

Vanquished Creatures
  2 slaves (D:6)
  An ice beast (D:5)
  2 phantoms (D:5)
  A centaur (D:6)
  A crimson imp (D:3)
  An orc priest (D:4)
  2 hounds (D:5)
  A bullfrog skeleton (D:5)
  2 orc wizards
  2 worker ants
  A worker ant zombie (D:5)
  3 adders
  2 adder skeletons (D:4)
  2 worms (D:5)
  4 dart slugs
  4 leopard geckos
  8 orcs
  2 giant cockroaches
  9 goblins
  4 hobgoblins
  15 jackals
  3 quokkas
  4 bats
  7 frilled lizards
  14 kobolds
  A quokka skeleton (D:4)
  11 rats
109 creatures vanquished.

Notes
Turn   | Place    | Note
-------+----------+-------------------------------------------
     0 | D:1      | wazuzu the Draconian Conjurer began the quest for the Orb.
     0 | D:1      | Reached XP level 1. HP: 14/14 MP: 3/3
   454 | D:1      | Reached XP level 2. HP: 20/20 MP: 0/5
  1342 | D:2      | Reached XP level 3. HP: 26/26 MP: 5/7
  1533 | D:2      | Learned a level 2 spell: Searing Ray
  2269 | D:3      | Reached skill level 5 in Conjurations
  2269 | D:3      | Reached XP level 4. HP: 7/33 MP: 0/8
  3564 | D:3      | Reached XP level 5. HP: 29/38 MP: 10/10
  3765 | D:4      | Found Yxeap's Gadget Shoppe.
  3795 | D:4      | Found Taaman Xyro's Jewellery Shoppe.
  3942 | D:4      | Found Emizik's Armour Shoppe.
  3950 | D:4      | Bought a +0 cloak for 49 gold pieces
  3950 | D:4      | Bought a +0 pair of gloves for 49 gold pieces
  4260 | D:4      | Found a staircase to the Ecumenical Temple.
  4270 | Temple   | Entered the Ecumenical Temple
  4411 | Temple   | Became a worshipper of Dithmenos the Shadowed
  4504 | D:4      | Found Nasun's Antique Armour Shop.
  4548 | D:4      | Reached skill level 6 in Conjurations
  4548 | D:4      | Reached XP level 6. HP: 39/45 MP: 2/12
  4703 | D:4      | Learned a level 5 spell: Iskenderun's Battlesphere
  4733 | D:5      | Entered Level 5 of the Dungeon
  4990 | D:5      | Noticed an ice beast
  5122 | D:5      | Killed an ice beast
  5122 | D:5      | Reached skill level 5 in Spellcasting
  5430 | D:5      | Reached skill level 1 in Staves
  5430 | D:5      | Your scales start taking on a pale cyan-grey colour.
  5430 | D:5      | Reached XP level 7. HP: 43/50 MP: 14/14
  6140 | D:6      | Noticed Pikel
  6163 | D:6      | Slain by Pikel

Vault maps used:
D:1:      co_arrival_random_square_maze, minmay_tetromino_i4
D:2:      first_bread
D:4:      serial_shops, shop, shop, shop, kennysheep_mini
D:5:      kennysheep_generic_room_5
D:6:      serial_bayou_pond_e, uniq_grinder, uniq_pikel
Temple:   roderic_octagonal_lattice_temple

Skill      XL: |  1  2  3  4  5  6  7 |
---------------+----------------------+-----
Spellcasting   | 3 4 5 |  5.0
Conjurations   | 5 6 |  6.6
Staves         | 1 3 |  3.9
Dodging        | |  1.7
Stealth        | |  1.7

Action                   |  1- 3 |  4- 6 |  7- 9 || total
-------------------------+-------+-------+-------++-------
Melee: Club              |    73 |       |       ||    73
       Unarmed           |     9 |       |       ||     9
       Tailslap          |     9 |     9 |     1 ||    19
       Short sword       |    10 |     9 |       ||    19
       Dagger            |       |    43 |       ||    43
       Mace              |       |    52 |       ||    52
       Lajatang          |       |    22 |    43 ||    65
 Cast: Magic Dart        |    88 |   116 |    31 ||   235
 Abil: Breathe Steam     |       |       |     3 ||     3
  Use: Scroll            |       |    10 |       ||    10
       Potion            |       |     1 |     1 ||     2
 Stab: Sleeping          |     1 |       |       ||     1
       Distracted        |       |     1 |       ||     1
  Eat: Chunk             |     5 |     4 |     1 ||    10
       Bread ration      |     1 |     1 |       ||     2
       Fruit             |       |     2 |       ||     2
       Beef jerky        |       |       |     1 ||     1
Armor: Skin              |    41 |    74 |    27 ||   142
Dodge: Dodged            |    76 |   106 |    30 ||   212
